 Dungeon Crawl Stone Soup version 0.28.0-53-g5a82cb258f (webtiles) character file.

Game seed: 17276378871970144816

129 protoss039 the Digger (level 4, -4/34 HPs)
             Began as a Demonspawn Earth Elementalist on June 2, 2022.
             Killed by nerve-wracking pain
             ... invoked by an orc priest
              (5 damage)
             ... on level 3 of the Dungeon.
             The game lasted 00:05:09 (4934 turns).

protoss039 the Digger (DsEE)                        Turns: 4934, Time: 00:05:09

Health: -4/34      AC:  2    Str:  8    XL:     4   Next: 88%
Magic:  7/7        EV: 17    Int: 18    God:
Gold:   129        SH:  0    Dex: 14    Spells: 2/8 levels left

rFire   . . .      SeeInvis .   h - +0 dagger (protect)
rCold   . . .      Faith    .   (no shield)
rNeg    . . .      Spirit   .   b - +0 robe
rPois   .          Reflect  .   (no helmet)
rElec   .          Harm     .   (no cloak)
rCorr   .          Rampage  .   (no gloves)
Will    .....                   (no boots)
Stlth   ++........              (no amulet)
HPRegen 0.11/turn               (no ring)
MPRegen 0.10/turn               (no ring)

@: agile
A: powered by pain 2
a: no special abilities


You were on level 3 of the Dungeon.
You visited 1 branch of the dungeon, and saw 3 of its levels.

You collected 129 gold pieces.

Inventory:

Hand Weapons
 h - a +0 dagger of protection (weapon)
 k - a +0 spear
Missiles
 c - 136 stones
Armour
 b - a +0 robe (worn)
Jewellery
 l - a ring of fire
Wands
 p - a wand of flame (28)
 q - a wand of iceblast (11)
Scrolls
 d - 2 scrolls of vulnerability {unknown}
 j - a scroll of teleportation
Potions
 e - a potion of lignification {unknown}
 f - 2 potions of berserk rage {unknown}
 g - a potion of magic {unknown}
 i - a potion of resistance {unknown}
 m - a potion of attraction {unknown}
 o - a potion of haste {unknown}
 r - a potion of brilliance {unknown}


   Skills:
 * Level 2.4 Fighting
 + Level 1.3 Armour
 - Level 1.7 Dodging
 - Level 1.7 Stealth
 + Level 2.6 Spellcasting
 * Level 1.5 Conjurations
 - Level 1.0 Transmutations
 + Level 3.2 Earth Magic


You had 2 spell levels left.
You knew the following spells:

 Your Spells              Type           Power      Damage    Failure   Level
a - Sandblast             Erth           28%        2d8       4%          1
b - Passwall              Tmut/Erth      7%         N/A       11%         2
c - Stone Arrow           Conj/Erth      20%        3d8       19%         3

Your spell library contained the following spells:

 Spells                   Type           Power      Damage    Failure   Level
 Petrify                  Tmut/Erth      9%         N/A       56%         4


Dungeon Overview and Level Annotations

Branches:
Dungeon (3/15)

Altars:
Nemelex Xobeh


Innate Abilities, Weirdness & Mutations

You sometimes gain power by taking damage.


Message History

You hit the orc priest but do no damage.
Your weapon exudes an aura of protection.
The orc priest barely misses you. The orc hits you but does no damage.
You hit the orc priest but do no damage.
The orc priest misses you. The orc barely misses you.
Casting: Sandblast (safe; 4% risk of failure)
Confirm with . or Enter, or press ? or * to list all spells.
Aiming: Sandblast (safe; 4% risk of failure)
Press: ? - help, Shift-Dir - straight line, f/p - orc priest
Aim: an orc priest, wielding a +0 whip and wearing a +0 ring mail (82% to hit)
The blast of sand hits the orc priest but does no damage.
The orc priest closely misses you. The orc hits you but does no damage.
Unknown command.
You closely miss the orc priest.
The orc priest hits you but does no damage.
The orc completely misses you.
Unknown command.
Casting: Sandblast (safe; 4% risk of failure)
Confirm with . or Enter, or press ? or * to list all spells.
Aiming: Sandblast (safe; 4% risk of failure)
Press: ? - help, Shift-Dir - straight line, f/p - orc priest
Aim: an orc priest, wielding a +0 whip and wearing a +0 ring mail (82% to hit)
The blast of sand hits the orc priest but does no damage.
The orc priest shouts!
The orc priest mumbles some strange prayers to Beogh against you.
Beogh smites you!
You focus on the pain.
You feel your power returning.
The orc priest invokes the aid of Beogh against you.
Beogh smites you!
* * * LOW HITPOINT WARNING * * *
The orc closely misses you.
Unknown command.
The orc barely misses you.
You feel better. The orc priest hits you with a +0 whip.
* * * LOW HITPOINT WARNING * * *
The orc hits you with a +0 club.
* * * LOW HITPOINT WARNING * * *
Unknown command.
The orc priest calls down the wrath of Beogh upon you.
Pain shoots through your body!
You die...

###.# #.'≈≈≈'.# #####.#
###≈≈≈#.# ####### ....#.####
##'##.###.....##
###......####....##.......##
####......###)##.........#
#####....#.##.........#
##...ooo....<.....#
####.............#
###@#.........# #.##.......##
#.#.........# ######
#.#.........# .†.).#########
#.#.........#
####.........###.#.........###
# #########......<..........#
###### #####.............#
.....## ###.#.........#


You could see an orc priest and 2 orcs.

Vanquished Creatures
  An orc wizard (D:3)
  3 adders
  2 worms (D:2)
  5 ball pythons
  8 endoplasms
  4 giant cockroaches (D:1)
  9 hobgoblins
  3 quokkas
  7 bats
  5 frilled lizards
  5 goblins
  7 kobolds
  5 rats
64 creatures vanquished.

Notes
Turn   | Place    | Note
-------+----------+-------------------------------------------
     0 | D:1      | protoss039 the Demonspawn Earth Elementalist began the
                  | quest for the Orb.
     0 | D:1      | Reached XP level 1. HP: 13/13 MP: 3/3
    61 | D:1      | Reached skill level 1 in Transmutations
   621 | D:1      | Gained mutation: You sometimes gain a little power by
                  | taking damage. [demonic ancestry]
   621 | D:1      | Reached XP level 2. HP: 20/20 MP: 1/5
   694 | D:1      | Reached skill level 1 in Fighting
  1640 | D:1      | Reached XP level 3. HP: 22/26 MP: 4/6
  2009 | D:1      | Reached skill level 3 in Earth Magic
  2616 | D:2      | Learned a level 2 spell: Passwall
  2620 | D:2      | Learned a level 3 spell: Stone Arrow
  2625 | D:2      | Reached skill level 1 in Armour
  2695 | D:2      | Found a faded altar of an unknown god.
  3059 | D:2      | Gained mutation: You sometimes gain power by taking damage.
                  | [demonic ancestry]
  3059 | D:2      | Reached XP level 4. HP: 33/33 MP: 7/7
  3267 | D:2      | Reached skill level 1 in Conjurations
  4688 | D:3      | Found a sparkling altar of Nemelex Xobeh.
  4933 | D:3      | HP: 1/34 [orc/+0 club (2)]
  4934 | D:3      | Killed from afar by an orc priest

Illustrated notes

Levels and vault maps discovered:
D:1:      dpeg_arrival_morbid_curiosity, layout_basic
D:2:      layout_loops_ring, shapermc_ecumenical_altar_starsandcircs,
          chequers_serial_rivers_micro_b
D:3:      layout_rooms, mainiacjoe_overflow_concentric_impassable,
          minmay_liquid_box

Skill      XL: |  1  2  3  4 |
---------------+-------------+-----
Transmutations | 1 |  1.0
Fighting       | 1 2 |  2.4
Earth Magic    | 3 |  3.2
Armour         | 1 |  1.3
Conjurations   | 1 |  1.5
Dodging        | |  1.7
Stealth        | |  1.7
Spellcasting   | |  2.6

Action                   |  1- 3 |  4- 6 || total
-------------------------+-------+-------++-------
Melee: Unarmed           |     7 |       ||     7
       Short sword       |    44 |       ||    44
       Dagger            |   104 |   113 ||   217
       Punch             |     3 |     1 ||     4
 Cast: Sandblast         |    46 |     9 ||    55
       Stone Arrow       |       |    14 ||    14
  Use: Scroll            |       |     2 ||     2
       Potion            |       |     2 ||     2
 Stab: Sleeping          |     1 |     2 ||     3
Armor: Robe              |    73 |    51 ||   124
Dodge: Dodged            |   112 |    85 ||   197
